Description

Haven't seen Lambo upload a guide on a ZvT build order recently so here's a build order of a replay of Lambo vs Demuslim. All the credit goes to Lambo and this is just a build order for me and others to learn ZvT!

Replay - ZvT vs Demuslim World of Sleepers vs BC-Cyclone Mech

Build Order

Get SALT Encoding   

  12  0:01  Drone  
  13  0:12  Overlord  
  13  0:17  Drone  
  14  0:31  Drone x2  
  16  0:48  Hatchery  
  15  0:52  Drone x2  
  17  0:58  Drone  
  18  1:08  Extractor  
  17  1:13  Spawning Pool  
  17  1:16  Drone x2  
  18  1:28  Drone  
  21  2:00  Queen x2  
  21  2:01  Zergling x4  
  27  2:16  Hatchery  
  27  2:18  Overlord  
  28  2:36  Metabolic Boost  
  34  2:59  Overlord  
  34  3:01  Queen  
  34  3:03  Pneumatized Carapace  
  42  3:26  Overlord  
  42  3:31  Queen  
  46  3:38  Queen  
  49  3:45  Queen  
  52  3:49  Overlord  
  52  3:51  Zergling x8  
  56  3:59  Zergling x2  
  59  4:10  Queen  
  66  4:29  Roach Warren  
  69  4:39  Lair  
  69  4:41  Extractor x2  
Spawning Tool Build Advisor. Get it on Overwolf

Go to:

Details

  • Created by: Rusher
  • Published on: Sep 08, 2019
  • Modified on: Sep 08, 2019
  • Patch: 4.7.1
Show
View Real Time Build Order
Export as new Build Order

Comments (0)

There are no comments. Be the first!

Create an account to comment!